 Dungeon Crawl Stone Soup version 0.24-a0-411-g4df2b1290f (webtiles) character file.

Game seed: 17961052866681609254

63 Gargoyl the Skirmisher (level 3, -1/31 HPs)
             Began as a Centaur Abyssal Knight on June 6, 2019.
             Was a Follower of Lugonu.
             Slain by a leopard gecko (2 damage)
             ... on level 2 of the Dungeon.
             The game lasted 00:02:25 (1071 turns).

Gargoyl the Skirmisher (Centaur Abyssal Knight)     Turns: 1071, Time: 00:02:26

Health: -1/31      AC:  9    Str: 14    XL:     3   Next: 87%
Magic:  4/4        EV:  2    Int: 11    God:    Lugonu [*.....]
Gold:   21         SH:  0    Dex:  9    Spells: 2/2 levels left

rFire    . . .     SeeInvis .   a - +1 hand axe
rCold    . . .     Gourm    .   (no shield)
rNeg     . . .     Faith    .   k - +0 plate armour
rPois    .         Spirit   .   (no helmet)
rElec    .         Reflect  .   (no cloak)
rCorr    .         Harm     .   f - +0 pair of gloves
MR       .....                  (no barding)
Stlth    ..........             (no amulet)
HPRegen  0.10/turn              (no ring)
MPRegen  0.09/turn              (no ring)

@: very quick
A: large, hooves 3, deformed body, speed 2, tough skin 3
a: Depart the Abyss, Renounce Religion


You were on level 2 of the Dungeon.
You worshipped Lugonu.
Lugonu was aware of your devotion.
You were not hungry.

You visited 1 branch of the dungeon, and saw 2 of its levels.
You visited the Abyss 1 time.

You collected 21 gold pieces.

Inventory:

Hand Weapons
 a - a +1 hand axe (weapon)
Armour
 f - a +0 pair of gloves (worn)
 k - a +0 plate armour (worn)
Scrolls
 e - a scroll of amnesia {unknown}
 g - a scroll of identify {unknown}
Potions
 b - a potion of resistance {unknown}
 h - a potion of flight {unknown}
 i - a potion of invisibility {unknown}
 j - 2 potions of cancellation {unknown}
Comestibles
 c - 7 rations
 d - a chunk of flesh


   Skills:
 + Level 3.5 Fighting
 + Level 2.3 Axes
 * Level 1.9 Armour
 * Level 1.1 Dodging
 * Level 2.5 Invocations


You had 2 spell levels left.
You didn't know any spells.
Your spell library was empty.

Dungeon Overview and Level Annotations

Branches:
Dungeon (2/15)

Altars:


Innate Abilities, Weirdness & Mutations

You have hooves in place of feet.
Armour fits poorly on your strangely shaped body.
You cover ground very quickly.
You have extremely tough skin. (AC +3)


Message History

You enter a teleport trap!
The teleport trap disappears.
Your surroundings suddenly seem different.
A leopard gecko, 4 gnolls and a kobold come into view.
The kobold shouts!
The gnoll shouts! x3
Found three items.
Unknown command.
The gnoll hits you but does no damage.
The gnoll throws a throwing net.
The throwing net hits you.
You become entangled in the net!
You see here a throwing net.
You struggle against the net.
The gnoll hits you from afar with a +0 spear.
* * * LOW HITPOINT WARNING * * *
You tear a large gash into the net.
You struggle against the net.
The leopard gecko bites you.
* * * LOW HITPOINT WARNING * * *
The kobold hits you with a +0 club.
* * * LOW HITPOINT WARNING * * *
The gnoll hits you but does no damage.
You rip the net and break free!
The leopard gecko bites you.
You die...

############
#..........##...
#..........##...
#..g.......##... #
#..g...!...##... #
#.gK.l.....##... #
#..g@......##... ###
#.......?..##...###..
#.....?..........##.#
#.................#.#
#..........##...#†...
####.###............#
... .#########... ...
# #####...
####...†...


You could see 4 gnolls, a leopard gecko and a kobold.

Vanquished Creatures
  2 adders (D:2)
  An ooze (D:2)
  2 dart slugs
  A leopard gecko (D:1)
  A ball python (D:2)
  3 bats (D:2)
  2 giant cockroaches
  7 goblins
  2 hobgoblins (D:1)
  A frilled lizard (D:1)
  9 kobolds
  3 rats (D:1)
34 creatures vanquished.

Notes
Turn   | Place    | Note
-------+----------+-------------------------------------------
     0 | Abyss:1  | Gargoyl the Centaur Abyssal Knight began the quest for the
                  | Orb.
     0 | Abyss:1  | Reached XP level 1. HP: 19/19 MP: 2/2
     8 | Abyss:1  | Found a corrupted altar of Lugonu.
    47 | Abyss:1  | Noticed a quasit
    60 | Abyss:1  | Noticed a large abomination
    67 | Abyss:1  | Found a corrupted altar of Lugonu.
   126 | Abyss:1  | Noticed a red very ugly thing
   181 | Abyss:1  | Noticed a large abomination
   195 | Abyss:1  | Noticed a thrashing horror
   200 | D:1      | Escaped the Abyss
   408 | D:1      | Reached XP level 2. HP: 21/26 MP: 3/3
   488 | D:1      | Reached * piety under Lugonu
   922 | D:2      | Reached XP level 3. HP: 25/31 MP: 4/4
  1037 | D:2      | Reached skill level 1 in Dodging
  1070 | D:2      | HP: 1/31 [kobold/+0 club (3)]
  1071 | D:2      | Slain by a leopard gecko

Levels and vault maps discovered:
D:1:      minmay_arrival_semitransparent, layout_loops_cross
D:2:      layout_rooms, uniq_sigmund

Skill      XL: |  1  2  3 |
---------------+----------+-----
Axes           | 2 |  2.3
Dodging        | 1 |  1.1
Fighting       | |  3.5
Armour         | |  1.9
Invocations    | |  2.5

Action                   || total
-------------------------++-------
Melee: Hand axe          ||    87
       Kick              ||    13
Invok: Depart the Abyss  ||     1
  Use: Potion            ||     2
       Scroll            ||     1
Armor: Ring mail         ||    54
       Leather armour    ||     3
       Plate armour      ||    39
Dodge: Dodged            ||    49

Table legend:
 A = Non-vault XP
 B = Vault XP
 C = Vault XP percentage of total XP
 D = Non-vault monster count
 E = Vault monster count
 F = Vault count percentage of total count
                 A         B        C        D         E       F
            +---------+---------+-------+---------+---------+-------
      Total |      90 |       0 |   0.0 |      34 |       0 |   0.0
            +---------+---------+-------+---------+---------+-------
        D:1 |      33 |       0 |   0.0 |      20 |       0 |   0.0
        D:2 |      57 |       0 |   0.0 |      14 |       0 |   0.0
            +---------+---------+-------+---------+---------+-------
